 Dungeon Crawl Stone Soup version 0.27.1-3-gb3d3a73c9e (webtiles) character file.

Game seed: 16946477863320445306

343 raph the Magician (level 6, -5/45 HPs)
             Began as a Djinni Fire Elementalist on Oct 11, 2021.
             Killed by divine providence
             ... invoked by an orc priest
              (13 damage)
             ... on level 4 of the Dungeon.
             The game lasted 00:06:36 (4851 turns).

raph the Magician (Djinni Fire Elementalist)        Turns: 4851, Time: 00:06:37

Health: -5/45      AC:  4    Str:  7    XL:     6   Next: 88%
Gold:   90         EV: 13    Int: 18    God:
                   SH:  0    Dex: 14

rFire    + + .     SeeInvis .   l - +0 dagger (venom)
rCold    x . .     Faith    .   (no shield)
rNeg     . . .     Spirit   .   a - +1 robe
rPois    ∞         Reflect  .   e - +0 helmet
rElec    .         Harm     .   (no cloak)
rCorr    .         Rampage  .   (no gloves)
Will     .....                  (boots unavailable)
Stlth    ++........             (no amulet)
HPRegen  0.15/turn              (no ring)
MPRegen  0.00/turn              (no ring)

@: flying
A: sickness immunity, fire resistance 2, cold vulnerability 1, float, innate
caster, hp casting, extra vitality 1
a: no special abilities


You were on level 4 of the Dungeon.
You visited 1 branch of the dungeon, and saw 4 of its levels.

You collected 90 gold pieces.

Inventory:

Hand Weapons
 c - a +0 dagger of freezing
 k - a +0 vampiric dagger
 l - a +0 dagger of venom (weapon)
Missiles
 d - 21 poisoned darts
Armour
 a - a +1 robe (worn)
 e - a +0 helmet (worn)
Scrolls
 g - a scroll of fog
Potions
 b - a potion of haste
 f - a potion of flight
 h - a potion of curing {unknown}
 j - a potion of brilliance {unknown}
 m - a potion of might {unknown}


   Skills:
 + Level 2.5 Fighting
 + Level 3.8 Dodging
 + Level 3.0 Stealth
 * Level 3.9 Spellcasting


You couldn't memorise any spells.
You knew the following spells:

 Your Spells              Type           Power      Damage    Failure   Level
a - Foxfire               Conj/Fire      68%        2x1d7     3%          1
b - Conjure Flame         Conj/Fire      17%        6-21      9%          3
c - Inner Flame           Hex/Fire       17%        N/A       9%          3
d - Sticky Flame          Conj/Fire      17%        2d4       28%         4
e - Fireball              Conj/Fire      8%         3d6       63%         5
f - Freeze                Ice            68%        1d8       3%          1
g - Poisonous Vapours     Pois/Air       34%        N/A       4%          2
Your spell library was empty.

Dungeon Overview and Level Annotations

Branches:
Dungeon (4/15)
 Temple: D:4-7

Altars:
Uskayaw
Vehumet

Shops:
D:1 (


Innate Abilities, Weirdness & Mutations

You are immune to sickness and miasma.
You are immune to poison.
Your flesh is very heat resistant. (rF++)
You are vulnerable to cold. (rC-)
You float through the air rather than walking.
You learn spells naturally, not from books.
Your magical power is your life essence.
You have superior vitality. (+4 HP)


Message History

The orc priest mumbles some strange prayers to Beogh against you.
You struggle to resist.
The foxfire hits the orc priest.
The orc priest is heavily wounded.
The foxfire hits the orc priest.
The orc priest is almost dead.
Casting: Foxfire (safe; 3% risk of failure)
Confirm with . or Enter, or press ? or * to list all spells.
You conjure some foxfire!
* * * LOW HITPOINT WARNING * * *
The orc priest mumbles some strange prayers to Beogh against you.
You struggle to resist.
The foxfire hits the orc priest.
You kill the orc priest!
The foxfire hits the orc priest.
The orc priest is moderately wounded.
Your Stealth skill increases to level 3!
Casting: Foxfire (safe; 3% risk of failure)
Confirm with . or Enter, or press ? or * to list all spells.
You conjure some foxfire!
* * * LOW HITPOINT WARNING * * *
Casting: Foxfire (safe; 3% risk of failure)
Confirm with . or Enter, or press ? or * to list all spells.
You conjure some foxfire!
* * * LOW HITPOINT WARNING * * *
The foxfire hits the orc priest.
The orc priest is heavily wounded.
The foxfire hits the orc priest but does no damage.
The orc priest is heavily wounded.
Casting: Foxfire (safe; 3% risk of failure)
Confirm with . or Enter, or press ? or * to list all spells.
You conjure some foxfire!
* * * LOW HITPOINT WARNING * * *
The foxfire hits the orc priest.
The orc priest is almost dead.
The foxfire hits the orc priest.
The orc priest is almost dead.
The orc priest invokes the aid of Beogh against you.
Beogh smites you!
You die...

######## #..v§..#
#.§v@§.# #§§.§..#
###o.####
#.#####...)#
.......()#.###### #.
###.............# #..
............###......
#####.......#####...
...#.###.......#..


You could see an orc priest (ally target).

Vanquished Creatures
  A water moccasin skeleton (D:4)
  An orc priest (D:4)
  3 orc wizards
  A hound skeleton (D:4)
  3 gnolls (D:3)
  6 adders
  A worm (D:2)
  A dart slug (D:3)
  5 orcs
  7 ball pythons
  6 bats
  An endoplasm (D:2)
  6 giant cockroaches
  8 goblins
  11 hobgoblins
  3 jackals (D:2)
  4 kobolds
  3 quokkas
  3 frilled lizards
  5 rats
79 creatures vanquished.

Vanquished Creatures (collateral kills)
  A gnoll (D:3)
  A giant cockroach (D:3)
2 creatures vanquished.

Vanquished Creatures (others)
  241 foxfires
241 creatures vanquished.

Grand Total: 322 creatures vanquished

Notes
Turn   | Place    | Note
-------+----------+-------------------------------------------
     0 | D:1      | raph the Djinni Fire Elementalist began the quest for the
                  | Orb.
     0 | D:1      | Reached XP level 1. HP: 15/15 MP: 0/0
   128 | D:1      | Reached XP level 2. HP: 21/22 MP: 0/0
   144 | D:1      | Found Haumy's Antique Weapon Boutique.
  1030 | D:1      | Reached XP level 3. HP: 25/26 MP: 0/0
  1030 | D:1      | Learned a level 1 spell: Freeze
  1301 | D:1      | Found a faded altar of an unknown god.
  1524 | D:2      | Reached skill level 1 in Fighting
  2355 | D:2      | Reached XP level 4. HP: 26/32 MP: 0/0
  2814 | D:3      | Reached XP level 5. HP: 34/38 MP: 0/0
  2814 | D:3      | Learned a level 2 spell: Poisonous Vapours
  3687 | D:3      | Found a hide-covered altar of Uskayaw.
  3783 | D:4      | Reached XP level 6. HP: 36/43 MP: 0/0
  4851 | D:4      | Killed from afar by an orc priest

Illustrated notes

Levels and vault maps discovered:
D:1:      dpeg_arrival_court, layout_loops_ring,
          shapermc_ecumenical_altar_petra, serial_shops,
          nicolae_shop_overgrown_old_shop
D:2:      layout_basic, kennysheep_minor_cross
D:3:      layout_rooms, lemuel_doored_altar, mainiacjoe_overflow_paths,
          roderic_three_in_a_row
D:4:      layout_rooms, grunt_temple_overflow_open, lemuel_old_faithful,
          uniq_ijyb

Skill      XL: |  1  2  3  4  5  6 |
---------------+-------------------+-----
Stealth        | 2 3 |  3.0
Fighting       | 1 2 |  2.5
Spellcasting   | 3 |  3.9
Dodging        | 3 |  3.8

Action                   |  1- 3 |  4- 6 || total
-------------------------+-------+-------++-------
Melee: Dagger            |    29 |    35 ||    64
 Cast: Foxfire           |    58 |    78 ||   136
       Freeze            |       |    10 ||    10
       Sticky Flame      |       |     1 ||     1
       Poisonous Vapours |       |     1 ||     1
  Use: Scroll            |       |     8 ||     8
 Stab: Sleeping          |     1 |     1 ||     2
Armor: Robe              |     5 |    29 ||    34
Dodge: Dodged            |    29 |    73 ||   102
